TOP OF THE 1ST |
Phoenix Hotspur Youth batting - Pitching for Marquette Miners : RHP Manny Amici
|
Pitching: RHP Manny Amici
|
|
Batting: RHB Wilson Castillo
|
0-0: Ball 1-0: Ground out 1-3 (Groundball, 13S)
|
Batting: RHB Alex Niemann
|
0-0: Fly out, F8 (Flyball, 8RM)
|
Batting: LHB Shojiro Ueda
|
0-0: Ball 1-0: Ball 2-0: Foul Ball, location: 2F 2-1: SINGLE (Groundball, 6MD)
|
Batting: LHB Rafael Sánchez
|
0-0: Called Strike 0-1: Foul Ball, location: 2F 0-2: Ball 1-2: Foul Ball, location: 2F 1-2: Fielders Choice at 2nd, 6-4 (Groundball, 4M)
|
Top of the 1st over - 0 run(s), 1 hit(s), 0 error(s), 0 left on base; Phoenix Hotspur 0 - Marquette 0 |
BOTTOM OF THE 1ST |
Marquette Miners batting - Pitching for Phoenix Hotspur Youth : RHP Santiago Alonza
|
Pitching: RHP Santiago Alonza
|
|
Batting: SHB Dylan Carson
|
0-0: Ball 1-0: Ground out U3 (Groundball, 3L)
|
Batting: RHB Jim Unknown
|
0-0: Ball 1-0: Swinging Strike 1-1: Called Strike 1-2: Ball 2-2: Fly out, F8 (Flyball, 78M)
|
Batting: RHB Ed Adams
|
0-0: Called Strike 0-1: Fly out, F7 (Flyball, 78S)
|
Bottom of the 1st over - 0 run(s), 0 hit(s), 0 error(s), 0 left on base; Phoenix Hotspur 0 - Marquette 0 |
TOP OF THE 2ND |
Phoenix Hotspur Youth batting - Pitching for Marquette Miners : RHP Manny Amici
|
Batting: RHB Jesús Mejía
|
0-0: Ball 1-0: Swinging Strike 1-1: Fly out, F4 (Line Drive, 4M)
|
Batting: RHB Marc Meertens
|
0-0: Ball 1-0: Ball 2-0: Ball 3-0: Base on Balls
|
Batting: RHB Pedro Martínez
|
0-0: Ball 1-0: Called Strike 1-1: Swinging Strike 1-2: SINGLE (Flyball, 8RS) Marc Meertens to second Marc Meertens to third
|
Batting: RHB Javier González
|
0-0: Called Strike 0-1: Fly out, F8 (Flyball, 8LM) Runner from 3rd tags up, SCORES, no throw
|
Batting: LHB Richard Alpert
|
0-0: Ball 1-0: Called Strike 1-1: Fielders Choice at 2nd, 6-4 (Groundball, 6)
|
Top of the 2nd over - 1 run(s), 1 hit(s), 0 error(s), 0 left on base; Phoenix Hotspur 1 - Marquette 0 |
BOTTOM OF THE 2ND |
Marquette Miners batting - Pitching for Phoenix Hotspur Youth : RHP Santiago Alonza
|
Batting: RHB Preston Hernández
|
0-0: Ground out 6-3 (Groundball, 6)
|
Batting: LHB Rick Harrison
|
0-0: Ball 1-0: Called Strike 1-1: Ball 2-1: Foul Ball, location: 2F 2-2: Ground out 6-3 (Groundball, 6M)
|
Batting: RHB Félix De La Hoya
|
0-0: TRIPLE (Flyball, 8RM)
|
Batting: RHB Bernardo Márquez
|
0-0: Called Strike 0-1: Ball 1-1: Called Strike 1-2: SINGLE (Line Drive, 9LS) Félix De La Hoya scores
|
Batting: RHB Isaac Downey
|
0-0: Ball 1-0: SINGLE (Flyball, 8LS) Bernardo Márquez to second Runner from 2nd tries for 3rd, OUT!
|
Bottom of the 2nd over - 1 run(s), 3 hit(s), 0 error(s), 1 left on base; Phoenix Hotspur 1 - Marquette 1 |
TOP OF THE 3RD |
Phoenix Hotspur Youth batting - Pitching for Marquette Miners : RHP Manny Amici
|
Batting: RHB Wilson Castillo
|
0-0: Ball 1-0: Ball 2-0: Called Strike 2-1: Swinging Strike 2-2: Foul Ball, location: 2F 2-2: SINGLE (Groundball, 56)
|
Batting: RHB Alex Niemann
|
0-0: Foul Ball, location: 2F 0-1: Ball 1-1: Ball Throwing error on steal attempt, E2 Wilson Castillo to third 2-1: Called Strike 2-2: Foul Ball, location: 2F 2-2: Ball 3-2: Ground out 6-3 (Groundball, 6M) Wilson Castillo scores
|
Batting: LHB Shojiro Ueda
|
0-0: Foul Ball, location: 2F 0-1: Ball 1-1: Ground out 4-3 (Groundball, 4)
|
Batting: LHB Rafael Sánchez
|
0-0: Foul Ball, location: 2F 0-1: Ball 1-1: SINGLE (Groundball, 34D)
|
Batting: RHB Jesús Mejía
|
0-0: Called Strike 0-1: Called Strike 0-2: Ball 1-2: Ball 2-2: Hit by Pitch Rafael Sánchez to second
|
Batting: RHB Marc Meertens
|
0-0: SINGLE (Groundball, 4M) Rafael Sánchez to third Jesús Mejía to second Runner from 3rd tries for Home, SAFE, no throw or cutoff
|
Batting: RHB Pedro Martínez
|
0-0: Ball 1-0: Called Strike 1-1: Swinging Strike 1-2: Fielders Choice at 2nd, 5-4 (Groundball, 56)
|
Top of the 3rd over - 2 run(s), 3 hit(s), 1 error(s), 1 left on base; Phoenix Hotspur 3 - Marquette 1 |
BOTTOM OF THE 3RD |
Marquette Miners batting - Pitching for Phoenix Hotspur Youth : RHP Santiago Alonza
|
Batting: RHB David Barrón
|
0-0: Ground out 5-3 (Groundball, 5S)
|
Batting: SHB Dylan Carson
|
0-0: SINGLE (Line Drive, 6)
|
Batting: RHB Jim Unknown
|
0-0: Ball 1-0: Ball 2-0: Called Strike 2-1: Ball Dylan Carson steals 2nd base 3-1: Ground out 4-3 (Groundball, 13) Dylan Carson to third
|
Batting: RHB Ed Adams
|
0-0: Called Strike 0-1: Ball 1-1: Ball 2-1: Fly out, F4 (Popup, 4)
|
Bottom of the 3rd over - 0 run(s), 1 hit(s), 0 error(s), 1 left on base; Phoenix Hotspur 3 - Marquette 1 |
TOP OF THE 4TH |
Phoenix Hotspur Youth batting - Pitching for Marquette Miners : RHP Manny Amici
|
Batting: RHB Javier González
|
0-0: Ball 1-0: Called Strike 1-1: Ball 2-1: Ball 3-1: Foul Ball, location: 2F 3-2: Base on Balls
|
Batting: LHB Richard Alpert
|
0-0: Called Strike 0-1: Ball 1-1: Ball 2-1: Fly out, F7 (Line Drive, 7LM)
|
Batting: RHB Wilson Castillo
|
0-0: Ball 1-0: Called Strike 1-1: Ball 2-1: SINGLE (Line Drive, 56) Javier González to second
|
Batting: RHB Alex Niemann
|
0-0: Ball 1-0: Ball 2-0: Ball 3-0: Called Strike 3-1: Foul Ball, location: 2F 3-2: Strikes out swinging
|
Batting: LHB Shojiro Ueda
|
0-0: Called Strike 0-1: Ball 1-1: SINGLE (Popup, 6MD) Javier González to third Wilson Castillo to second Runner from 3rd tries for Home, SAFE, no throw or cutoff
|
Batting: LHB Rafael Sánchez
|
0-0: TRIPLE (Line Drive, 8RXD) Wilson Castillo scores Shojiro Ueda scores
|
Pitching: RHP Thomas Berry
|
|
Batting: RHB Jesús Mejía
|
0-0: Ball 1-0: Foul Ball, location: 2F 1-1: Ball 2-1: Swinging Strike 2-2: Foul Ball, location: 2F 2-2: Foul Ball, location: 2F 2-2: Ground out 4-3 (Groundball, 4M)
|
Top of the 4th over - 3 run(s), 3 hit(s), 0 error(s), 1 left on base; Phoenix Hotspur 6 - Marquette 1 |
BOTTOM OF THE 4TH |
Marquette Miners batting - Pitching for Phoenix Hotspur Youth : RHP Santiago Alonza
|
Batting: RHB Preston Hernández
|
0-0: Called Strike 0-1: Foul Ball, location: 2F 0-2: Ball 1-2: Fly out, F8 (Flyball, 78D)
|
Batting: LHB Rick Harrison
|
0-0: Ball 1-0: Called Strike 1-1: Ball 2-1: Ball 3-1: Swinging Strike 3-2: Foul Ball, location: 2F 3-2: Base on Balls
|
Batting: RHB Félix De La Hoya
|
0-0: Called Strike 0-1: Ball 1-1: Ball 2-1: Ball 3-1: SINGLE (Flyball, 8RS) Rick Harrison to second Runner from 2nd tries for 3rd, OUT! Félix De La Hoya to second
|
Batting: RHB Bernardo Márquez
|
0-0: Called Strike 0-1: DOUBLE (Groundball, 3D) Félix De La Hoya scores
|
Batting: RHB Isaac Downey
|
0-0: Foul Ball, location: 2F 0-1: Ball 1-1: Ball 2-1: Ball 3-1: Base on Balls
|
Batting: RHB David Barrón
|
0-0: Ball 1-0: Ball 2-0: Foul Ball, location: 2F 2-1: Swinging Strike 2-2: Ball 3-2: Base on Balls Bernardo Márquez to third Isaac Downey to second
|
Batting: SHB Dylan Carson
|
0-0: Ball 1-0: Ball 2-0: Fly out, F7 (Flyball, 7D)
|
Bottom of the 4th over - 1 run(s), 2 hit(s), 0 error(s), 3 left on base; Phoenix Hotspur 6 - Marquette 2 |
TOP OF THE 5TH |
Phoenix Hotspur Youth batting - Pitching for Marquette Miners : RHP Thomas Berry
|
Batting: RHB Marc Meertens
|
0-0: Ball 1-0: Fly out, F7 (Flyball, 78S)
|
Batting: RHB Pedro Martínez
|
0-0: Called Strike 0-1: Swinging Strike 0-2: Foul Ball, location: 2F 0-2: Foul Ball, location: 2F 0-2: Strikes out swinging
|
Batting: RHB Javier González
|
0-0: Swinging Strike 0-1: Ball 1-1: Swinging Strike 1-2: Strikes out swinging
|
Top of the 5th over - 0 run(s), 0 hit(s), 0 error(s), 0 left on base; Phoenix Hotspur 6 - Marquette 2 |
BOTTOM OF THE 5TH |
Marquette Miners batting - Pitching for Phoenix Hotspur Youth : RHP Santiago Alonza
|
Batting: RHB Jim Unknown
|
0-0: Ball 1-0: Ball 2-0: Ball 3-0: Called Strike 3-1: Foul Ball, location: 2F 3-2: Fly out, F7 (Flyball, 7LD)
|
Batting: RHB Ed Adams
|
0-0: Ball 1-0: Called Strike 1-1: Foul Ball, location: 2F 1-2: Strikes out swinging
|
Batting: RHB Preston Hernández
|
0-0: Called Strike 0-1: Ball 1-1: Swinging Strike 1-2: Foul Ball, location: 2F 1-2: Strikes out swinging
|
Bottom of the 5th over - 0 run(s), 0 hit(s), 0 error(s), 0 left on base; Phoenix Hotspur 6 - Marquette 2 |
TOP OF THE 6TH |
Phoenix Hotspur Youth batting - Pitching for Marquette Miners : RHP Thomas Berry
|
Batting: LHB Richard Alpert
|
0-0: Ball 1-0: Ground out 4-3 (Groundball, 34)
|
Batting: RHB Wilson Castillo
|
0-0: Called Strike 0-1: Swinging Strike 0-2: Strikes out swinging
|
Batting: RHB Alex Niemann
|
0-0: Called Strike 0-1: Foul Ball, location: 2F 0-2: Ball 1-2: SINGLE (Line Drive, 5L)
|
Batting: LHB Shojiro Ueda
|
0-0: Called Strike 0-1: Ball 1-1: Ball 2-1: Ball 3-1: Base on Balls Alex Niemann to second
|
Batting: LHB Rafael Sánchez
|
0-0: Ball 1-0: Ball 2-0: Ball 3-0: Called Strike 3-1: Base on Balls Alex Niemann to third Shojiro Ueda to second
|
Batting: RHB Jesús Mejía
|
0-0: Swinging Strike 0-1: Ball 1-1: Swinging Strike 1-2: Strikes out swinging
|
Top of the 6th over - 0 run(s), 1 hit(s), 0 error(s), 3 left on base; Phoenix Hotspur 6 - Marquette 2 |
BOTTOM OF THE 6TH |
Marquette Miners batting - Pitching for Phoenix Hotspur Youth : RHP Santiago Alonza
|
Batting: LHB Rick Harrison
|
0-0: Ground out U3 (Groundball, 3)
|
Batting: RHB Félix De La Hoya
|
0-0: Called Strike 0-1: SINGLE (Groundball, 5D)
|
Batting: RHB Bernardo Márquez
|
0-0: Grounds into double play, 5-4-3 (Groundball, 5)
|
Bottom of the 6th over - 0 run(s), 1 hit(s), 0 error(s), 0 left on base; Phoenix Hotspur 6 - Marquette 2 |
TOP OF THE 7TH |
Phoenix Hotspur Youth batting - Pitching for Marquette Miners : RHP Thomas Berry
|
Batting: RHB Marc Meertens
|
0-0: Ball 1-0: Ball 2-0: SINGLE (Flyball, 9LM)
|
Pitching: RHP Wiley Q. Xavier
|
|
Batting: RHB Pedro Martínez
|
0-0: Called Strike 0-1: Called Strike 0-2: Ball 1-2: Foul Ball, location: 2F 1-2: Ball 2-2: Strikes out swinging
|
Batting: RHB Javier González
|
0-0: Called Strike 0-1: SINGLE (Line Drive, 78S) Marc Meertens to second
|
Batting: LHB Richard Alpert
|
0-0: Called Strike Marc Meertens steals 3rd base Javier González to second 0-1: Ball 1-1: Intentional Walk
|
Batting: RHB Wilson Castillo
|
0-0: Fly out, F8 (Flyball, 8RM) Runner from 3rd tags up, SCORES, no throw
|
Batting: RHB Alex Niemann
|
0-0: Called Strike 0-1: Called Strike 0-2: Ball 1-2: Ball 2-2: Foul Ball, location: 2F 2-2: Fielders Choice at 2nd, U4 (Groundball, 4M)
|
Top of the 7th over - 1 run(s), 2 hit(s), 0 error(s), 2 left on base; Phoenix Hotspur 7 - Marquette 2 |
BOTTOM OF THE 7TH |
Marquette Miners batting - Pitching for Phoenix Hotspur Youth : RHP Santiago Alonza
|
Batting: RHB Isaac Downey
|
0-0: Called Strike 0-1: Swinging Strike 0-2: Ball 1-2: Ball 2-2: Strikes out swinging
|
Batting: RHB David Barrón
|
0-0: Ball 1-0: Ball 2-0: Foul Ball, location: 2F 2-1: Ball 3-1: Base on Balls
|
Batting: SHB Dylan Carson
|
0-0: Ball 1-0: DOUBLE (Line Drive, 78M) David Barrón to third
|
Batting: RHB Jim Unknown
|
0-0: Ball 1-0: Ball 2-0: Swinging Strike 2-1: Called Strike 2-2: Ball 3-2: DOUBLE (Line Drive, 5L) David Barrón scores Dylan Carson scores
|
Batting: RHB Ed Adams
|
0-0: 2-RUN HOME RUN (Flyball, 7LD), Distance : 371 ft
|
Pitching: RHP Vernon Turner
|
|
Batting: RHB Preston Hernández
|
0-0: Swinging Strike 0-1: Called Strike 0-2: Ball 1-2: Foul Ball, location: 2F 1-2: Ball 2-2: Foul Ball, location: 2F 2-2: Ground out 5-3 (Groundball, 5)
|
Batting: LHB Rick Harrison
|
0-0: Ball 1-0: Fly out, F9 (Flyball, 9LM)
|
Bottom of the 7th over - 4 run(s), 3 hit(s), 0 error(s), 0 left on base; Phoenix Hotspur 7 - Marquette 6 |
TOP OF THE 8TH |
Phoenix Hotspur Youth batting - Pitching for Marquette Miners : RHP Wiley Q. Xavier
|
Batting: LHB Shojiro Ueda
|
0-0: Ball 1-0: Called Strike 1-1: Ball 2-1: Ground out 6-3 (Groundball, 6M)
|
Batting: LHB Rafael Sánchez
|
0-0: Called Strike 0-1: Ball 1-1: Swinging Strike 1-2: Ball 2-2: Ball 3-2: Foul Ball, location: 2F 3-2: Base on Balls
|
Batting: RHB Jesús Mejía
|
0-0: Foul Ball, location: 2F 0-1: Called Strike 0-2: Ball 1-2: Foul Ball, location: 2F 1-2: Fielders Choice at 2nd, 3-6 (Groundball, 3)
|
Batting: RHB Marc Meertens
|
0-0: Swinging Strike 0-1: Ball 1-1: Swinging Strike 1-2: DOUBLE (Line Drive, 9LM) Jesús Mejía to third
|
Batting: RHB Pedro Martínez
|
0-0: Ball 1-0: Ball 2-0: Called Strike 2-1: Foul Ball, location: 2F 2-2: Ground out 3-1 (Groundball, 3)
|
Top of the 8th over - 0 run(s), 1 hit(s), 0 error(s), 2 left on base; Phoenix Hotspur 7 - Marquette 6 |
BOTTOM OF THE 8TH |
Marquette Miners batting - Pitching for Phoenix Hotspur Youth : RHP Vernon Turner
|
Pitching: RHP John Ball
|
|
Now at C: José Reyes
|
|
Now at 2B: Kenny Scott
|
|
Batting: RHB Félix De La Hoya
|
0-0: Ball 1-0: Ball 2-0: Swinging Strike 2-1: Ball 3-1: Base on Balls
|
Batting: RHB Bernardo Márquez
|
0-0: Sac Bunt - play at first, batter OUT! 1-4 Félix De La Hoya to second
|
Batting: RHB Isaac Downey
|
0-0: Ball 1-0: Fly out, F8 (Flyball, 8RM)
|
Batting: RHB David Barrón
|
0-0: Called Strike 0-1: Fly out, F9 (Flyball, 9LMF)
|
Bottom of the 8th over - 0 run(s), 0 hit(s), 0 error(s), 1 left on base; Phoenix Hotspur 7 - Marquette 6 |
TOP OF THE 9TH |
Phoenix Hotspur Youth batting - Pitching for Marquette Miners : RHP Wiley Q. Xavier
|
Batting: RHB Javier González
|
0-0: Foul Ball, location: 2F 0-1: Called Strike 0-2: Fly out, F8 (Flyball, 8RM)
|
Batting: LHB Richard Alpert
|
0-0: Ball 1-0: Ball 2-0: Called Strike 2-1: Foul Ball, location: 2F 2-2: Foul Ball, location: 2F 2-2: Foul Ball, location: 2F 2-2: Strikes out swinging
|
Pitching: RHP James Neutron
|
|
Batting: RHB Wilson Castillo
|
0-0: Ball 1-0: Ball 2-0: Called Strike 2-1: SINGLE (Line Drive, 6MD)
|
Batting: RHB Alex Niemann
|
0-0: Called Strike Wilson Castillo is caught stealing 2nd base
|
Top of the 9th over - 0 run(s), 1 hit(s), 0 error(s), 0 left on base; Phoenix Hotspur 7 - Marquette 6 |
BOTTOM OF THE 9TH |
Marquette Miners batting - Pitching for Phoenix Hotspur Youth : RHP John Ball
|
Pitching: RHP Titus Parson
|
|
Batting: SHB Dylan Carson
|
0-0: Ball 1-0: Foul Ball, location: 2F 1-1: Called Strike 1-2: Fly out, F7 (Flyball, 7LM)
|
Pinch Hitting: RHB Ron Johnston
|
0-0: Swinging Strike 0-1: Ball 1-1: Foul Ball, location: 2F 1-2: Ball 2-2: Foul Ball, location: 2F 2-2: Strikes out looking
|
Batting: RHB Ed Adams
|
0-0: Ball 1-0: Foul Ball, location: 2F 1-1: Ground out 5-3 (Groundball, 56)
|
Bottom of the 9th over - 0 run(s), 0 hit(s), 0 error(s), 0 left on base; Phoenix Hotspur 7 - Marquette 6 |
|